 Dungeon Sprint DCSS version 0.31-a0-986-g5e6e4ef867 (webtiles) character file.

Game seed: 4220611454231305516

82 fozzywoppz the Sneak (level 4, -1/33 HPs)
             Began as an Octopode Brigand on Nov 16, 2023.
             Slain by an iguana (8 damage)
             ... in the Dungeon (Sprint IX: "|||||||||||||||||||||||||||||").
             The game lasted 00:00:41 (34 turns).

fozzywoppz the Sneak (Octopode Brigand)               Turns: 34, Time: 00:00:41

Health: -1/33      AC:  1    Str: 10    XL:     4   Next: 43%
Magic:  4/4        EV: 14    Int: 13    God:
Gold:   0          SH:  0    Dex: 15    Spells: 3/3 levels left

rFire   . . .        a - +2 dagger
rCold   . . .        (no shield)
rNeg    . . .        (helmet restricted)
rPois   .            (no amulet)
rElec   .            (no ring)
rCorr   .            (no ring)
SInv    .            (no ring)
Will    .....        (no ring)
Stlth   +++++        (no ring)
HPRegen 0.25/turn    (no ring)
MPRegen 0.09/turn    (no ring)
                     (no ring)

%: no teleportation
@: no status effects
A: almost no armour, amphibious, 8 rings, camouflage 1, gelatinous body 1,
(nimble swimmer 1), tentacles
a: no special abilities


You were in the Dungeon.
You visited 1 branch

Inventory:

Hand Weapons
 a - a +2 dagger (weapon)
Missiles
 b - 9 poisoned darts (quivered)
 c - 3 curare-tipped darts
Scrolls
 i - a scroll of blinking
Potions
 d - a potion of curing
 e - a potion of heal wounds
 f - a potion of haste
 g - 2 potions of magic
 h - a potion of berserk rage


   Skills:
 + Level 4.1 Fighting
 + Level 4.1 Short Blades
 + Level 4.1 Throwing
 + Level 3.7 Dodging
 + Level 7.5 Stealth


You had 3 spell levels left.
You didn't know any spells.
Your spell library was empty.

Dungeon Overview and Level Annotations

Branches:
Dungeon (1/1)

Altars:


Innate Abilities, Weirdness & Mutations

You cannot wear most types of armour.
You are amphibious.
You can wear up to eight rings at the same time.
Your skin changes colour to match your surroundings (Stealth+).
Your rubbery body absorbs attacks. (AC +1, EV +1)
((You are camouflaged when in or above water. (Stealth+)))
You have tentacles for arms and can constrict up to eight enemies at once.


Message History

Your Throwing skill increases to level 4!
Unknown command.
The helpless adder fails to defend itself.
You perforate the adder like a sieve!!!
You kill the adder!
Your Fighting skill increases to level 4!
Unknown command.
You see here an adder corpse.
The helpless orc fails to defend itself.
You perforate the orc like a sieve!!!
You kill the orc!
Unknown command.
The iguana hisses angrily.
The iguana bites you.
Things that are here:
a +0 flail; an orc corpse You hit the iguana.
You grab the iguana.
You squeeze the iguana, but do no damage.
The iguana is moderately wounded.
You constrict the iguana. The iguana bites you!
You hit the iguana. Your squeeze misses the iguana.
The iguana is heavily wounded.
You constrict the iguana. The iguana barely misses you.
You hit the iguana.
The iguana is severely wounded.
You constrict the iguana. You hit the iguana.
The iguana is almost dead.
You constrict the iguana, but do no damage.
The iguana closely misses you.
You hit the iguana but do no damage.
You squeeze the iguana, but do no damage.
The iguana is almost dead.
You constrict the iguana, but do no damage.
The iguana bites you!
* * * LOW HITPOINT WARNING * * *
You hit the iguana but do no damage.
The iguana is almost dead.
You constrict the iguana. The iguana bites you!
You die... ▓▓▓▓▓▓▓▓▓▓▓▓▓▓▓▓▓▓ ▓<...'.††..'..†@l+ ▓▓▓▓▓▓▓▓▓▓▓▓▓▓▓▓▓▓

You could see an iguana.

Vanquished Creatures
  A scorpion (D)
  2 adders (D)
  An orc (D)
  A giant cockroach (D)
  A hobgoblin (D)
  2 ball pythons (D)
  A bat (D)
9 creatures vanquished.

Notes
Turn   | Place    | Note
-------+----------+-------------------------------------------
     0 | D        | fozzywoppz the Octopode Brigand began the quest for the
                  | Orb.
     0 | D        | Reached XP level 1. HP: 14/14 MP: 1/1
    19 | D        | Noticed a scorpion
    19 | D        | Noticed an iguana
    21 | D        | Killed a scorpion
    22 | D        | Reached skill level 7 in Stealth
    22 | D        | Reached XP level 2. HP: 22/22 MP: 2/2
    22 | D        | Reached XP level 3. HP: 27/27 MP: 3/3
    22 | D        | Reached XP level 4. HP: 33/33 MP: 4/4
    34 | D        | Slain by an iguana

Illustrated notes

Levels and vault maps discovered:
D:        linesprint [early_d, line_temple, items_1, d_10, items_2, lair_1,
          lair_end, items_3, orc_1, orc_end, items_4, d_15, swamp_1, shoals_1,
          snake_1, spider_1, d_20, vaults_1, items_5, swamp_end, shoals_end,
          snake_end, spider_end, vaults_end, d_27, items_6, zot_1, zot_end,
          crypt_end, forest_end, elf_end, slime_end, tomb_end, abyss_end,
          pan_hell_end]

Skill      XL: |  1  2  3  4 |
---------------+-------------+-----
Fighting       | 3 4 |  4.1
Short Blades   | 3 4 |  4.1
Throwing       | 3 4 |  4.1
Dodging        | 3 |  3.7
Stealth        | 7 |  7.5

Action                     |  1- 3 |  4- 6 || total
---------------------------+-------+-------++-------
  Melee: Dagger            |     8 |     9 ||    17
         Tentacles         |     1 |     2 ||     3
         Constrict         |     1 |     1 ||     2
   Stab: Sleeping          |     4 |     3 ||     7
 Armour: Skin              |     2 |     4 ||     6
  Dodge: Dodged            |     4 |     2 ||     6

Table legend: (Time is in decaauts)
 A = Elapsed time spent in this place.
 B = Non-inter-level travel time spent in this place.
 C = Inter-level travel time spent in this place.
 D = Time resting spent in this place.
 E = Time spent auto-exploring this place.
 F = Levels seen in this place.
 G = Mean time per level.
                   A        B        C        D        E       F      G
               +--------+--------+--------+--------+--------+-----+--------+
         Total |     31 |     31 |      0 |      2 |      0 |   1 |   31.0 |
       Dungeon |     31 |     31 |      0 |      2 |      0 |   1 |   31.0 |
               +--------+--------+--------+--------+--------+-----+--------+

Top non-repeatable levels by time:
       D: 31 daAuts
